 Dungeon Crawl Stone Soup version 0.31.0-9-g3a7656b989 (webtiles) character file.

Game seed: 18270142943112151017

101013 Bnni the Dancer (level 15, -8/81 (84) HPs)
             Began as a Vine Stalker Fighter on Feb 1, 2024.
             Was an Elder of Uskayaw.
             Killed by divine providence
             ... invoked by an orc priest
             ... led by an orc warlord
              (13 damage)
             ... on level 1 of the Orcish Mines.
             The game lasted 00:59:48 (23188 turns).

Bnni the Dancer (Vine Stalker Fighter)             Turns: 23188, Time: 00:59:49

HP:   -8/81 (84)    AC: 36    Str: 21    XL:     15   Next: 68%
MP:   0/35          EV:  2    Int:  8    God:    Uskayaw [****..]
Gold: 1596          SH: 18    Dex: 19    Spells: 14/14 levels left

rFire   + . .        K - +1 dagger (speed)
rCold   + . .        x - +0 kite shield
rNeg    + . .        l - +13 crystal plate armour of a Labyrinth {rF+ rC+}
rPois   +            p - +0 hat "Javveh" {rN+ Dex+2}
rElec   .            e - +0 cloak
rCorr   .            T - +3 Mad Mage's Maulers {Infuse+∞ VampMP -Cast}
SInv    .            m - +0 pair of boots
Will    +....        U - amulet of reflection Stlth
                     f - ring of poison resistance
HPRegen 1.13/turn    Q - ring of magical power
MPRegen 0.24/turn

%: no spellcasting, reflection, guardian spirit
@: about to teleport, studying Ice Magic, lightly drained
A: fangs 3, regeneration 1, magic shield, antimagic bite, no potion heal 2,
clumsy 1
a: Renounce Religion, Stomp, Line Pass


You were on level 1 of the Orcish Mines.
You worshipped Uskayaw.
Uskayaw was pleased with you.
You visited 4 branches of the dungeon, and saw 22 of its levels.

You collected 1624 gold pieces.
You spent 28 gold pieces at shops.

Inventory:

Hand Weapons
 J - a +1 dagger of venom
 K - a +1 dagger of speed (weapon)
Missiles
 i - 6 throwing nets
 q - 2 curare-tipped darts (quivered)
Armour
 e - a +0 cloak (worn)
 l - the +13 crystal plate armour of a Labyrinth (worn) {rF+ rC+}
   (You acquired it on level 9 of the Dungeon)

   rF+:       It protects you from fire.
   rC+:       It protects you from cold.
 m - a +0 pair of boots (worn)
 p - the +0 hat "Javveh" (worn) {rN+ Dex+2}
   (You acquired it on level 9 of the Dungeon)

   Dex+2:     It affects your dexterity (+2).
   rN+:       It protects you from negative energy.
 x - a +0 kite shield (worn)
 T - the +3 Mad Mage's Maulers (worn) {Infuse+∞ VampMP -Cast}
   (You acquired it on level 9 of the Dungeon)

   Infuse+∞: It empowers its wearer's blows with all of their magic.
   VampMP:    Blows struck in melee replenish the wearer's magic.
   -Cast:     It prevents spellcasting.
Jewellery
 f - a ring of poison resistance (left hand)
 k - a ring of protection from fire
 t - a ring of positive energy
 A - a ring of see invisible
 P - a ring of protection from fire
 Q - a ring of magical power (right hand)
 R - a ring of ice
 U - an amulet of reflection (around neck)
 V - a ring of flight
 X - a +5 ring of evasion
Wands
 a - a wand of acid (10)
 n - a wand of charming (8)
 o - a wand of flame (55)
 w - a wand of digging (8)
Scrolls
 b - 4 scrolls of enchant weapon
 h - 4 scrolls of enchant armour
 j - 3 scrolls of poison
 y - 3 scrolls of revelation
 F - 12 scrolls of teleportation
 M - a scroll of fog
 N - a scroll of immolation
 O - 3 scrolls of fear
 Y - a scroll of blinking {unknown}
Potions
 c - 4 potions of lignification
 d - 5 potions of might
 r - 2 potions of resistance
 s - 9 potions of curing
 u - 3 potions of attraction
 v - 3 potions of enlightenment
 z - 3 potions of berserk rage
 B - 4 potions of heal wounds {unknown}
 D - 6 potions of mutation {unknown}
 E - 2 potions of invisibility {unknown}
 H - 5 potions of ambrosia {unknown}
 I - 4 potions of degeneration {unknown}
 L - 2 potions of cancellation {unknown}
 S - a potion of magic {unknown}
 Z - a potion of haste {unknown}


   Skills:
 + Level 12.0 Fighting
 - Level 10.0 Short Blades
 + Level 4.9 Armour
 + Level 13.1 Stealth
 * Level 12.3 Shields
 * Level 14.5 Invocations


You had 14 spell levels left.
You didn't know any spells.
Your spell library contained the following spells:

 Spells                   Type           Power      Damage    Failure   Level
 Sandblast                Erth           0%         2d4       100%        1
 Shock                    Conj/Air       0%         1d3       100%        1
 Slow                     Hex            0%         N/A       100%        1
 Jinxbite                 Hex            0%         N/A       100%        2
 Confusing Touch          Hex            0%         N/A       100%        3
 Ozocubu's Armour         Ice            0%         N/A       100%        3
 Passwall                 Erth           0%         N/A       100%        3
 Sigil of Binding         Hex            0%         N/A       100%        3
 Stone Arrow              Conj/Erth      0%         3d7       100%        3
 Swiftness                Air            0%         N/A       100%        3
 Vampiric Draining        Necr           0%         2d6       100%        3
 Airstrike                Air            0%         2d(0-16)  100%        4
 Brom's Barrelling Bould  Conj/Erth      0%         2d3       100%        4
 Metabolic Englaciation   Hex/Ice        0%         N/A       100%        5
 Yara's Violent Unravell  Hex/Alch       0%         3d3       100%        5
 Sculpt Simulacrum        Ice/Alch       0%         N/A       100%        6
 Enfeeble                 Hex            0%         N/A       100%        7


Dungeon Overview and Level Annotations

Branches:
Dungeon (15/15)            Temple (1/1) D:7            Lair (5/5) D:9
 Shoals (0/4) Lair:2        Snake (0/4) Lair:2        Slime (0/5) Lair:5
    Orc (1/2) D:12         Vaults (0/5) D:13         Depths (0/4) D:15

Altars:
Ashenzari
Cheibriados
Dithmenos
Elyvilon
Fedhas
Gozag
Hepliaklqana
Kikubaaqudgha
Makhleb
Nemelex Xobeh
Okawaru
Qazlal
Ru
Sif Muna
Trog
Uskayaw
Vehumet
Wu Jian
Xom
Yredelemnul
Zin
The Shining One
Lugonu

Shops:
D:1 ?   D:6 [   D:7 *

Portals:
Abyss: D:9
Trove: D:12 (give +3 gold dragon scales)

Annotations:
D:9 2 runed translucent doors


Innate Abilities, Weirdness & Mutations

You have razor-sharp teeth.
Your natural rate of healing is unusually fast.
When hurt, damage is shared between your health and your magic reserves.
Your bite disrupts and absorbs the magic of your enemies.
Potions cannot restore your health.
You are clumsy. (Dex -2)


Message History

The helpless ice devil fails to defend itself.
You skewer the ice devil like a kebab!!!!
You kill the ice devil!
The ice devil disappears in a puff of smoke!
Uskayaw will force your foes to share their pain.
Uskayaw links your audience in an emotional bond!
The helpless sixfirhy fails to defend itself.
You perforate the sixfirhy like a sieve!!!!!
Your attack snaps the warg out of its fear.
Your attack snaps the ynoxinul out of its fear.
Your attack snaps the orc high priest out of its fear.
Your attack snaps the orc priest out of its fear.
You kill the sixfirhy!
The sixfirhy disappears in a puff of smoke!
Unknown command.
An orc priest and an orc wizard come into view.
The orc priest shouts!
You hear a shout! x3
The orc knight is no longer paralysed.
The orc warrior no longer looks unusually strong.
The orc warlord is no longer paralysed.
The warg is no longer paralysed.
The orc is no longer paralysed.
An orc comes into view. It is wielding a +0 falchion.
An orc wizard comes into view.
It is wielding a +0 dagger and wearing a +1 robe of cold resistance.
An orc warrior comes into view. It is wielding a +0 battleaxe.
The orc warrior shouts!
You hear a shout! x2
The orc priest is no longer paralysed.
The orc no longer looks unusually strong. x2
The orc priest is no longer paralysed.
The orc is no longer paralysed. x2
The orc knight no longer looks unusually strong.
The orc knight is no longer paralysed.
The orc wizard gestures wildly while chanting.
The orc wizard flickers and vanishes!
An orc warrior comes into view. It is wielding a +0 dire flail.
An orc warrior comes into view. It is wielding a +0 battleaxe.
The orc priest invokes the aid of Beogh against you.
Beogh smites you!
* * * LOW HITPOINT WARNING * * *
The orc priest invokes the aid of Beogh against you.
Beogh smites you!
You die...

#......................
##.....................
#.........#.#.#.#......
##.....................
#...##§§#########++##.
#..##§)..## ##
####[.§..o### #
##...§...3..
#...@h.......
#o..o...o#...
#o...).o###..
#...{ooo5# ..
#o...o..o.{
###....hooo. ##...Toooo
##.o...oo


You could see an orc warlord (strong, fleeing, pain bonded), 3 orc knights, an
orc high priest (strong, paralysed, pain bonded), a troll, a ynoxinul (summoned,
paralysed, pain bonded), 2 wargs, 7 orc warriors, 3 orc priests, an orc wizard
(strong), an ufetubus (summoned, paralysed, fleeing, pain bonded) and 6 orcs.

Vanquished Creatures
  An orc warlord (Orc:1)
  The ghost of nitefall the Bludgeoner, a journeyman MiBe of Trog (Lair:5)
  An ettin (D:15)
  A vault guard (D:13)
  Harold (Orc:1)
  A rakshasa (D:15)
  5 hydras
  An ice dragon (Lair:5)
  An ogre mage (D:15)
  8 two-headed ogres
  The ghost of SkaryMonk the Protected, a journeyman AtWr of Hepliaklqana (D:9)
  5 centaur warriors
  A death knight (D:14)
  7 boulder beetles
  4 dancing weapons
  8 death yaks
  The ghost of ripuliukko the Geomancer, a journeyman GrEE of Vehumet (D:12)
  A tengu warrior (D:14)
  3 skeletal warriors (D:14)
  A deep troll (D:15)
  An orc knight (D:15)
  A bog body (Lair:1)
  2 lindwurms (Lair:5)
  5 ugly things (D:15)
  2 phantasmal warriors (D:14)
  A deep elf pyromancer (D:12)
  An orc sorcerer (Orc:1)
  3 manticores
  3 cyclopes
  13 elephants
  3 meliai (D:14)
  A kobold blastminer (Orc:1)
  A meliai (shapeshifter) (D:15)
  5 torpor snails (Lair:5)
  3 black mambas
  A merfolk siren (Lair:2)
  A gargoyle (D:13)
  6 cane toads
  Maggie (Lair:2)
  5 rime drakes
  An unseen horror (D:10)
  4 komodo dragons
  A freezing wraith (Lair:1)
  An ice devil (Lair:1)
  A tengu conjurer (D:15)
  8 trolls
  A merfolk (Lair:2)
  A polar bear (Lair:1)
  9 hornets (Lair:5)
  3 tyrant leeches (Lair:5)
  4 dream sheep (Lair:4)
  22 slime creatures
  2 centaur simulacra (D:15)
  A vampire (D:13)
  A shadow (D:11)
  35 yaks
  2 wyverns (Lair:4)
  3 wraiths
  A dire elephant simulacrum (Lair:1)
  3 wargs
  4 basilisks
  3 steam dragons
  3 vampire mosquitoes (D:11)
  2 death yak simulacra (Lair:1)
  An acid dragon (D:9)
  A naga (Lair:2)
  13 water moccasins
  19 orc warriors
  2 ice beasts (D:5)
  A sky beast (D:4)
  5 black bears
  2 ogres
  9 centaurs
  4 wolves
  A phantom (D:6)
  2 kobold brigands (D:8)
  18 bullfrogs
  A gnoll sergeant (D:5)
  4 scorpions
  A two-headed ogre simulacrum (Lair:1)
  10 wights
  A hornet simulacrum (D:14)
  6 killer bees (D:9)
  2 electric eels (Lair:2)
  A howler monkey (D:7)
  3 bombardier beetles
  4 hounds
  A jelly (D:6)
  12 orc priests
  A sleepcap (D:6)
  2 gnoll boudas (D:8)
  6 iguanas
  23 orc wizards
  7 hell rats (Lair:2)
  A polar bear simulacrum (Lair:1)
  A troll simulacrum (Lair:1)
  A spriggan simulacrum (Lair:1)
  11 gnolls
  12 adders
  2 shadow imps
  2 white imps
  2 ufetubi (D:5)
  5 dart slugs
  3 ribbon worms
  85 orcs
  4 endoplasms
  4 giant cockroaches
  5 goblins
  6 hobgoblins
  10 jackals
  11 kobolds
  2 quokkas
  7 ball pythons
  5 bats
  4 frilled lizards
  6 rats
580 creatures vanquished.

Notes
Turn   | Place    | Note
-------+----------+-------------------------------------------
     0 | D:1      | Bnni the Vine Stalker Fighter began the quest for the Orb.
     0 | D:1      | Reached XP level 1. HP: 11/11 MP: 2/2
    71 | D:1      | Found a faded altar of an unknown god.
   175 | D:1      | Reached XP level 2. HP: 15/16 MP: 1/3
   669 | D:1      | Found Riwiolia's Magic Scroll Boutique.
   676 | D:1      | Bought a scroll of identify for 28 gold pieces
   946 | D:2      | Reached XP level 3. HP: 19/19 MP: 4/4
  1136 | D:2      | Reached XP level 4. HP: 24/24 MP: 5/5
  1390 | D:2      | Identified the +9 plate armour of the Old and Reckless
                  | {Will+ Str+6}
  1685 | D:3      | Reached XP level 5. HP: 28/28 MP: 6/6
  1709 | D:3      | Found an ancient bone altar of Kikubaaqudgha.
  2237 | D:4      | Noticed a sky beast
  2258 | D:4      | Killed a sky beast
  2259 | D:4      | Reached XP level 6. HP: 33/33 MP: 7/7
  2263 | D:4      | Noticed a black bear
  2284 | D:4      | Killed a black bear
  2292 | D:4      | Reached XP level 7. HP: 37/37 MP: 8/8
  2324 | D:4      | Noticed a water elemental
  2330 | D:4      | Noticed a fire elemental
  2332 | D:4      | Found a stormy altar of Qazlal.
  2333 | D:4      | Noticed an air elemental
  2416 | D:4      | Reached skill level 5 in Short Blades
  2428 | D:4      | Found a shadowy altar of Dithmenos.
  2831 | D:4      | Reached skill level 5 in Fighting
  2831 | D:4      | Gained mutation: You have razor-sharp teeth. [Vine Stalker
                  | growth]
  2831 | D:4      | Reached XP level 8. HP: 39/43 MP: 5/9
  3248 | D:5      | Entered Level 5 of the Dungeon
  3669 | D:5      | Noticed a yak
  3669 | D:5      | Noticed a yak
  3671 | D:5      | Noticed a yak
  3677 | D:5      | Killed a yak
  3687 | D:5      | Killed a yak
  3688 | D:5      | Reached XP level 9. HP: 48/48 MP: 10/10
  4511 | D:6      | Found a basalt altar of Yredelemnul.
  4523 | D:6      | Found Yphemusm's Armour Shop.
  4787 | D:7      | Found a staircase to the Ecumenical Temple.
  4799 | Temple   | Entered the Ecumenical Temple
  4805 | Temple   | Became a worshipper of Uskayaw the Reveller
  4831 | D:7      | Reached * piety under Uskayaw
  4836 | D:7      | Reached ** piety under Uskayaw
  4944 | D:7      | Found Myerph's Mass Market.
  4974 | D:7      | Reached skill level 1 in Stealth
  4974 | D:7      | Reached skill level 1 in Invocations
  4976 | D:7      | Reached *** piety under Uskayaw
  4980 | D:7      | Reached **** piety under Uskayaw
  5085 | D:7      | Reached skill level 10 in Short Blades
  5350 | D:8      | Reached skill level 2 in Invocations
  5350 | D:8      | Reached XP level 10. HP: 55/55 MP: 12/12
  5355 | D:8      | Found a white marble altar of Elyvilon.
  5535 | D:8      | Reached ***** piety under Uskayaw
  5585 | D:8      | Reached skill level 3 in Invocations
  5799 | D:8      | Found a broken altar of Ashenzari.
  5805 | D:8      | Found a radiant altar of Vehumet.
  5805 | D:8      | Found an iron altar of Okawaru.
  5815 | D:8      | Found a hazy altar of Hepliaklqana.
  6015 | D:9      | Reached skill level 4 in Invocations
  6041 | D:9      | Found a large runed translucent door.
  6173 | D:9      | Found a one-way gate to the infinite horrors of the Abyss.
  6173 | D:9      | Identified the +6 dagger "Vokagoic" {distort, *Slow Int+3}
  6173 | D:9      | Identified the +2 robe "Ugevvagh" {Rampage Regen+}
  6173 | D:9      | Noticed a kobold demonologist
  6337 | D:9      | Found a large runed translucent door.
  6342 | D:9      | Found a corrupted altar of Lugonu.
  6343 | D:9      | Noticed a white ugly thing
  6358 | D:9      | Found a staircase to the Lair.
  6363 | D:9      | Found an opulent altar of Gozag.
  6463 | D:9      | Found a shimmering altar of Xom.
  6463 | D:9      | Noticed SkaryMonk's ghost (journeyman AtWr)
  6471 | D:9      | Found a runed translucent door.
  6473 | D:9      | Noticed a +0 mace of chaos
  6486 | D:9      | Killed a +0 mace of chaos
  6487 | D:9      | Reached skill level 5 in Invocations
  6548 | D:9      | Killed SkaryMonk's ghost
  6549 | D:9      | Reached skill level 5 in Stealth
  6549 | D:9      | Reached skill level 6 in Invocations
  6957 | D:10     | Entered Level 10 of the Dungeon
  7100 | D:10     | Reached XP level 11. HP: 60/60 MP: 16/16
  7216 | D:11     | Noticed a boulder beetle
  7241 | D:11     | Killed a boulder beetle
  7242 | D:11     | Reached skill level 7 in Invocations
  7263 | D:11     | Noticed a centaur warrior
  7281 | D:11     | Killed a centaur warrior
  7449 | D:12     | Found a runed translucent door.
  7449 | D:12     | Found a shimmering altar of Xom.
  7449 | D:12     | Identified the +7 quarterstaff "Ifoakol" {chaos, Will-
                  | Str+3 Int+2 SInv}
  7449 | D:12     | Noticed a +7 quarterstaff "Ifoakol" {chaos, Will- Str+3
                  | Int+2 SInv}
  7449 | D:12     | Noticed ripuliukko's ghost (journeyman GrEE)
  7466 | D:12     | Noticed a boulder beetle
  7487 | D:12     | Killed a boulder beetle
  7505 | D:13     | Noticed a cyclops
  7508 | D:14     | Found a hide-covered altar of Uskayaw.
  7564 | D:14     | Noticed a boulder beetle
  7570 | D:14     | Noticed a centaur warrior
  7582 | D:14     | Killed a centaur warrior
  7608 | D:14     | Killed a boulder beetle
  7609 | D:14     | Reached skill level 8 in Invocations
  7646 | D:15     | Entered Level 15 of the Dungeon
  7659 | D:15     | Noticed a rakshasa
  7661 | D:15     | Noticed a tengu warrior
  7693 | D:14     | Killed a tengu warrior
  7694 | D:14     | Reached skill level 5 in Shields
  7823 | D:15     | Killed a rakshasa
  7845 | D:15     | Found a staircase to the Depths.
  7845 | D:15     | Noticed an ettin
  7862 | D:15     | Killed an ettin
  7863 | D:15     | Got a smoky gem with 1472 turns to spare
  8156 | D:10     | Noticed a two-headed ogre
  8173 | D:10     | Killed a two-headed ogre
  8174 | D:10     | Reached XP level 12. HP: 40/67 MP: 19/19
  8303 | D:10     | Reached skill level 9 in Invocations
  8815 | D:11     | Noticed a boulder beetle
  8844 | D:11     | Killed a boulder beetle
  9586 | D:12     | Noticed a two-headed ogre
  9595 | D:12     | Killed a two-headed ogre
  9729 | D:12     | Reached skill level 10 in Invocations
  9894 | D:12     | Found a staircase to the Orcish Mines.
 10377 | D:12     | Found a portal to a secret trove of treasure.
 10523 | D:12     | Reached skill level 10 in Fighting
 10524 | D:12     | Killed ripuliukko's ghost
 10525 | D:12     | Identified the +6 broad axe "Lunamur" {vamp, rPois rN+
                  | Str+2}
 10739 | D:13     | Noticed a centaur warrior
 10854 | D:13     | Reached XP level 13. HP: 45/72 MP: 22/22
 10930 | D:13     | Found a gate to the Vaults.
 10930 | D:13     | Noticed a vault guard
 10952 | D:13     | Killed a vault guard
 10955 | D:13     | Reached skill level 10 in Stealth
 10955 | D:13     | Reached skill level 11 in Invocations
 11994 | D:15     | Reached skill level 12 in Invocations
 12012 | D:15     | Reached ****** piety under Uskayaw
 12101 | D:15     | Reached skill level 10 in Shields
 12156 | D:15     | Reached XP level 14. HP: 35/77 MP: 24/24
 12721 | D:15     | Identified 3 scrolls of acquirement
 12935 | D:15     | Found an ornate altar of the Wu Jian Council.
 13220 | D:9      | Acquired the +3 Mad Mage's Maulers {Infuse+∞ VampMP -Cast}
 13220 | D:9      | Found the +3 Mad Mage's Maulers {Infuse+∞ VampMP -Cast}
 13233 | D:9      | Acquired the +13 crystal plate armour of a Labyrinth {rF+
                  | rC+}
 13246 | D:9      | Acquired the +0 hat "Javveh" {rN+ Dex+2}
 13260 | Lair:1   | Entered Level 1 of the Lair of Beasts
 13363 | Lair:2   | Reached skill level 13 in Invocations
 13600 | Lair:2   | Noticed Maggie
 13624 | Lair:2   | Killed Maggie
 14197 | Lair:5   | Entered Level 5 of the Lair of Beasts
 14197 | Lair:5   | Found a staircase to the Slime Pits.
 15055 | Lair:5   | Reached XP level 15. HP: 83/83 MP: 7/26
 15263 | Lair:5   | Got an earthy gem with 1905 turns to spare
 16129 | Lair:5   | Found a runed translucent door.
 16129 | Lair:5   | Found a shimmering altar of Xom.
 16129 | Lair:5   | Noticed nitefall's ghost (journeyman MiBe)
 16169 | Lair:5   | Reached skill level 14 in Invocations
 16210 | Lair:5   | Killed nitefall's ghost
 17213 | Lair:4   | Found a burning altar of Makhleb.
 19589 | Lair:2   | Identified the amulet of the Lizard {Acrobat Int+3 SInv}
 19708 | Lair:2   | Found a staircase to the Snake Pit.
 20622 | Lair:2   | Found a staircase to the Shoals.
 21432 | Lair:1   | You fall into a shaft and drop 1 floor!
 22423 | Orc:1    | Entered Level 1 of the Orcish Mines
 22656 | Orc:1    | Noticed Harold
 22683 | Orc:1    | Killed Harold
 22684 | Orc:1    | Noticed an orc warlord
 22734 | Orc:1    | Gained mutation: You are clumsy. (Dex -2) [a neqoxec]
 22736 | Orc:1    | HP: 2/84 [poisoned by an orc warlord]
 22744 | Orc:1    | Killed an orc warlord
 23173 | Orc:1    | Noticed an orc warlord
 23188 | Orc:1    | Killed from afar by an orc priest

Illustrated notes

Levels and vault maps discovered:
D:1:      co_arrival_random_square_maze, layout_loops_ring, serial_shops, shop,
          chequers_ecumenical_altar_island, chequers_serial_rivers_small_3
D:2:      layout_basic
D:3:      layout_rooms, kiku_gazebo_pond_becter, glass_columns_a
D:4:      minmay_recursive_quarters, layout_basic,
          mainiacjoe_overflow_small_starburst, nicolae_qazlal_style_of_elements
D:5:      layout_rooms, serial_co_window_serial, co_window_paths_b,
          co_window_corner_a, co_window_corner_a, co_window_cross_1,
          co_window_of_opportunity_a, co_window_paths_c, co_window_2corner,
          co_window_paths_c, co_window_2corner, co_window_paths_d,
          co_window_paths_e, glass_columns_a, minmay_misc_feat_tiny,
          serial_bayou_pond_a, serial_park_tiny_2
D:6:      layout_rooms, yredelemnul_altar_generic, serial_shops, shop,
          hangedman_decor_peaks_small
D:7:      layout_cave_pools, minmay_temple_entry_gardened_gates,
          serial_library_regret_index_split_case, minmay_shop_mass
D:8:      layout_basic, elyvilon_altar_3,
          chequers_temple_overflow_statue_of_worship
D:9:      due_chaos_kobolds, layout_long_grid, lemuel_round_altar,
          lair_entry_dummy, ebering_ghost_xom
D:10:     layout_basic
D:11:     layout_irregular_city
D:12:     layout_cave_pods, erik_orc_3, nicolae_trove_entry_crossroad,
          ebering_ghost_xom
D:13:     layout_cross, erik_vaults_1, item_on_display_a
D:14:     layout_loops_cross, kennysheep_another_room,
          eat_drink_and_be_merry_uskayaw
D:15:     hangedman_depths_entry_civil_slaughter, layout_basic,
          nicolae_wu_jian_wuxing_cycle
Temple:   nicolae_temple_bog_church
Lair:1:   dreamdust_isle_of_ice, layout_cave_shapes
Lair:2:   layout_regular_city, elwin_shoals_entry_rooms,
          guppyfry_snake_entry_garden, serial_bayou_shore_b, uniq_maggie
Lair:3:   layout_chaotic_city, serial_bayou_shore_a
Lair:4:   layout_regular_city, basic_altar, beast_lair_carwin_4,
          grunt_megastairs_5
Lair:5:   wormcave, layout_regular_city, minmay_slime_entry_pillars,
          ebering_ghost_xom
Orc:1:    layout_caves, minmay_orc_treasury, uniq_harold

Skill      XL: |  1  2  3  4  5  6  7  8  9 10 11 12 13 14 15 |
---------------+----------------------------------------------+-----
Short Blades   | 2 3 4 6 8 10 | 10.0
Shields        | 3 4 5 8 10 11 12 | 12.3
Fighting       | 3 4 5 6 7 8 9 10 11 12 | 12.0
Stealth        | 1 6 8 9 11 12 13 | 13.1
Invocations    | 2 6 8 10 12 13 14 | 14.5
Armour         | 3 4 |  4.9

Action                     |  1- 3 |  4- 6 |  7- 9 | 10-12 | 13-15 || total
---------------------------+-------+-------+-------+-------+-------++-------
  Melee: Rapier            |   113 |   171 |   407 |       |       ||   691
         Bite              |    24 |    50 |   187 |   405 |   532 ||  1198
         Dagger            |       |       |    49 |   946 |  1178 ||  2173
  Throw: Dart              |       |       |     1 |     7 |       ||     8
 Invoke: Line Pass         |       |       |       |    10 |     7 ||    17
         Grand Finale      |       |       |       |     2 |     1 ||     3
  Evoke: Wand              |       |       |       |     4 |       ||     4
    Use: Scroll            |     2 |     1 |     5 |     6 |    13 ||    27
         Potion            |       |       |       |       |     2 ||     2
   Stab: Paralysed         |       |       |     5 |    40 |    72 ||   117
         Confused          |       |       |       |     7 |    11 ||    18
 Armour: Scale mail        |    67 |    34 |       |       |       ||   101
         Plate armour      |       |   113 |   478 |   511 |   239 ||  1341
         Crystal plate arm |       |       |       |       |   281 ||   281
  Dodge: Dodged            |    49 |    62 |   163 |   123 |    75 ||   472
  Block: Buckler           |    27 |    43 |   138 |    59 |       ||   267
         Kite shield       |       |       |       |   169 |   398 ||   567
         Reflection        |       |       |       |       |    10 ||    10
